AoeStats
← Your Mom

Arabia

506221819Analyzed
2v2 RM · 20d ago on Sep 12, 2026· 56m 37s· 4 players
Game mode
Random Map
Map size
Medium (4 player)
Population
200
Speed
Normal
Resources
Standard
Victory
Conquest
Starting age
Dark Age
Ending age
Imperial Age
RankedLock teamsTeams togetherTeam positionsShared explorationLock speedFull tech treeHidden civsTurbo modeCheats
Victory
Defeat
🇩🇪 Franks · Germany
815
+12
🇲🇽 Malians · Mexico
808
+17
🇷🇴 Italians · Romania
745
-12
🇷🇴 Sicilians · Romania
715
-12
Your Mom
0:26 Loom
10:12 Feudal Age
10:43 Double-Bit Axe
13:52 Stone Mining
13:58 Gold Mining
25:50 Castle Age
27:02 Husbandry
26:25 Light Cavalry
28:30 Forging
28:26 Scale Barding Armor
28:02 Pikeman
28:43 Squires
30:53 Bow Saw
31:52 Chain Barding Armor
32:31 Iron Casting
36:59 Wheelbarrow
37:45 Gold Shaft Mining
37:15 Scale Mail Armor
40:57 Hand Cart
43:42 Imperial Age
41:25 Fortified Wall
42:21 #83
43:44 Cavalier
48:04 Conscription
47:45 Chivalry
47:33 Paladin
49:09 Plate Barding Armor
49:35 Blast Furnace
49:03 Caravan
52:36 Ballistics
52:15 Murder Holes
53:27 Chemistry
DiegoIBGZ
10:57 Feudal Age
11:22 Loom
11:14 Man-at-Arms
13:20 Fletching
18:46 Forging
19:10 Double-Bit Axe
26:58 Castle Age
29:11 Iron Casting
30:08 Long Swordsman
37:54 Horse Collar
39:45 Wheelbarrow
38:56 Town Watch
41:41 Hand Cart
41:26 Town Patrol
45:17 Ballistics
48:45 Imperial Age
48:15 Tigui
49:16 Herbal Medicine
49:53 Elite Gbeto
53:51 Bow Saw
55:02 Two-Handed Swordsman
56:09 Heavy Camel Rider
57:04 Scale Barding Armor
Serget Alupigus
10:46 Feudal Age
11:11 Double-Bit Axe
11:07 Horse Collar
15:17 Stone Mining
15:48 Gold Mining
19:17 Forging
22:48 Wheelbarrow
28:07 Castle Age
33:40 Heavy Plow
33:23 Pikeman
39:45 Hand Cart
40:07 Gold Shaft Mining
41:51 Stone Shaft Mining
51:45 Imperial Age
49:41 Bow Saw
rfx
5:08 Loom
9:49 Feudal Age
10:24 Double-Bit Axe
10:22 Horse Collar
15:14 Wheelbarrow
20:39 Town Watch
23:46 Castle Age
22:48 Fletching
22:59 Padded Archer Armor
22:51 Arson
24:33 Heavy Plow
24:47 Bow Saw
24:53 Gold Mining
28:05 Hand Cart
27:59 Stone Mining
28:54 Caravan
29:19 Pikeman
30:03 Squires
29:25 Crossbowman
30:10 Thumb Ring
30:03 Bodkin Arrow
30:23 Leather Archer Armor
33:00 Stone Shaft Mining
36:58 Imperial Age
37:26 Forging
37:21 Scale Barding Armor
37:20 Scale Mail Armor
36:42 Elite Skirmisher
38:45 Chemistry
38:06 Ballistics
37:30 Arbalester
38:17 Bracer
38:43 Guilds
39:54 Conscription
40:34 Town Patrol
42:09 Crop Rotation
42:52 Silk Road
44:39 Iron Casting
44:37 Ring Archer Armor
49:04 Iron Casting
48:34 Scale Barding Armor
49:36 Masonry
Connection lost

Rejoining the realm…

Still unreachable

The connection could not be restored.

Session expired

The server has moved on; the page needs a fresh start.